 Dungeon Crawl Stone Soup version 0.30-a0-782-ge64f9170bb (webtiles) character file.

Game seed: 18021309839929036807

278 gruber the Cutter (level 6, -3/32 HPs)
             Began as a Vine Stalker Fighter on Feb 28, 2023.
             Slain by a wight
             ... wielding a +3 battleaxe
              (13 damage)
             ... on level 4 of the Dungeon.
             The game lasted 00:02:13 (2186 turns).

gruber the Cutter (Vine Stalker Fighter)            Turns: 2186, Time: 00:02:14

Health: -3/32      AC: 10    Str: 19    XL:     6   Next: 26%
Magic:  0/7        EV:  9    Int:  8    God:
Gold:   186        SH:  5    Dex: 15    Spells: 5/5 levels left

rFire   . . .      SeeInvis .    a - +0 rapier
rCold   . . .      Faith    .    c - +0 buckler
rNeg    . . .      Spirit   +    b - +0 scale mail
rPois   .          Reflect  .    (no helmet)
rElec   .          Harm     .    (no cloak)
rCorr   .          Rampage  .    (no gloves)
Will    .....                    (no boots) Stlth
                                 f - amulet of the acrobat
HPRegen 1.05/turn                p - +4 ring of protection
MPRegen 0.10/turn                (no ring)

@: no status effects
A: fangs 2, regeneration 1, magic shield, antimagic bite, no potion heal 2
a: no special abilities


You were on level 4 of the Dungeon.
You visited 1 branch of the dungeon, and saw 4 of its levels.

You collected 186 gold pieces.

Inventory:

Hand Weapons
 a - a +0 rapier (weapon)
Armour
 b - a +0 scale mail (worn)
 c - a +0 buckler (worn)
Jewellery
 f - an amulet of the acrobat (around neck)
 p - a +4 ring of protection (left hand)
 q - an amulet of reflection
Wands
 l - a wand of flame (22)
Scrolls
 h - 3 scrolls of enchant weapon {unknown}
 i - a scroll of blinking {unknown}
 j - 7 scrolls of identify {unknown}
 n - a scroll of silence {unknown}
 r - 2 scrolls of teleportation {unknown}
Potions
 d - a potion of might
 e - 3 potions of heal wounds {unknown}
 g - a potion of attraction {unknown}
 k - 4 potions of invisibility
 m - 5 potions of curing {unknown}
 o - 3 potions of degeneration {unknown}
 s - a potion of brilliance {unknown}


   Skills:
 - Level 2.6 Fighting
 + Level 5.8 Short Blades
 - Level 2.4 Armour
 - Level 2.6 Shields


You had 5 spell levels left.
You didn't know any spells.
Your spell library contained the following spells:

 Spells                   Type           Power      Damage    Failure   Level
 Summon Small Mammal      Summ           0%         N/A       87%         1
 Call Canine Familiar     Summ           0%         N/A       99%         3
 Inner Flame              Hex/Fire       0%         N/A       99%         3
 Summon Guardian Golem    Hex/Summ       0%         N/A       99%         3
 Cause Fear               Hex            0%         N/A       100%        4
 Discord                  Hex            0%         N/A       100%        8


Dungeon Overview and Level Annotations

Branches:
Dungeon (4/15)
 Temple: D:4-7

Altars:
Cheibriados


Innate Abilities, Weirdness & Mutations

You have extremely sharp teeth.
Your natural rate of healing is unusually fast.
When hurt, damage is shared between your health and your magic reserves.
Your bite disrupts and absorbs the magic of your enemies.
Potions cannot restore your health.


Message History

You hit the wight but do no damage.
The wight is severely damaged.
The wight hits you but does no damage.
You hit the wight but do no damage.
The wight is severely damaged.
The wight hits you with a +4 war axe.
You feel drained.
You barely miss the wight. Your bite misses the wight.
The wight is severely damaged.
The wight hits you with a +4 war axe.
You hit the wight. Your bite misses the wight.
The wight is severely damaged.
The wight hits you with a +4 war axe!
* * * LOW HITPOINT WARNING * * *
You are too injured to fight recklessly!
You are too injured to fight recklessly!
You barely miss the wight.
The wight is severely damaged.
The wight hits you but does no damage.
You barely miss the wight.
The wight is severely damaged.
The wight closely misses you.
You barely miss the wight.
The wight is severely damaged.
The wight hits you but does no damage.
You hit the wight but do no damage.
The wight is severely damaged.
The wight hits you with a +4 war axe!
* * * LOW HITPOINT WARNING * * *
You closely miss the wight.
The wight is severely damaged.
The wight hits you but does no damage.
You closely miss the wight. You bite the wight, but do no damage.
The wight is severely damaged.
The wight hits you but does no damage.
You hit the wight.
You destroy the wight!
Your life force feels restored.
You hit the wight but do no damage. The wight hits you but does no damage.
You hit the wight but do no damage. The wight hits you with a +3 battleaxe!
You die...

####### ... #..##.# ..#
####..##.# ..##
.......#'## ...
..........# z.#
.....#....# ..#
#....#....##########..#
#....#..........@z....#
...........##########.#
####.#.....# # #
#.#.....# #.#.....#
#.###.#.# ####.# #.#.#
.....# #.#.# ######
#.#.#


You could see a wight.

Vanquished Creatures
  3 wights (D:4)
  A gnoll (D:1)
  4 adders (D:2)
  2 dart slugs (D:1)
  3 orcs
  10 ball pythons
  6 endoplasms
  2 giant cockroaches
  3 goblins
  3 hobgoblins
  8 jackals
  6 kobolds
  6 quokkas
  4 bats
  8 frilled lizards
  5 rats
74 creatures vanquished.

Notes
Turn   | Place    | Note
-------+----------+-------------------------------------------
     0 | D:1      | gruber the Vine Stalker Fighter began the quest for the
                  | Orb.
     0 | D:1      | Reached XP level 1. HP: 11/11 MP: 2/2
    46 | D:1      | Reached skill level 2 in Short Blades
    55 | D:1      | Reached XP level 2. HP: 11/16 MP: 0/3
   380 | D:1      | Reached skill level 3 in Short Blades
   391 | D:1      | Reached XP level 3. HP: 17/19 MP: 4/4
   711 | D:2      | Gained mutation: Your natural rate of healing is unusually
                  | fast. [Vine Stalker growth]
   711 | D:2      | Reached XP level 4. HP: 18/23 MP: 5/5
   760 | D:2      | Found a faded altar of an unknown god.
   769 | D:2      | Reached skill level 4 in Short Blades
  1390 | D:3      | Found a snail-covered altar of Cheibriados.
  1598 | D:3      | Reached XP level 5. HP: 27/27 MP: 6/6
  2141 | D:4      | Reached skill level 5 in Short Blades
  2144 | D:4      | Reached XP level 6. HP: 32/32 MP: 5/7
  2186 | D:4      | Slain by a wight

Illustrated notes

Levels and vault maps discovered:
D:1:      wander_arrival_estate, layout_basic, skrybe_limestone_x,
          chequers_garden
D:2:      layout_rooms, ebering_ecumenical_altar_petrified, serial_forest,
          infiniplex_forest_end_2, infiniplex_forest_clump_C,
          infiniplex_forest_clump_curved, infiniplex_forest_straight_4,
          infiniplex_forest_clump_double, infiniplex_forest_clump_curved,
          infiniplex_forest_straight_2, infiniplex_forest_lined_2,
          minmay_split_cup_large
D:3:      minmay_inner_zag, layout_rooms, lemuel_crystal_altar,
          minmay_misc_feat_tiny, chequers_serial_rivers_small_b
D:4:      layout_basic, minmay_temple_entry_poolview, cheibrodos_gnoll_hut,
          uniq_eustachio

Skill      XL: |  1  2  3  4  5 |
---------------+----------------+-----
Short Blades   | 2 3 4 5 |  5.8
Fighting       | |  2.6
Armour         | |  2.4
Shields        | |  2.6

Action                     |  1- 3 |  4- 6 || total
---------------------------+-------+-------++-------
  Melee: Rapier            |   116 |   151 ||   267
         Bite              |    27 |    24 ||    51
 Armour: Scale mail        |    61 |    49 ||   110
  Dodge: Dodged            |    78 |    69 ||   147
  Block: Buckler           |    35 |    23 ||    58

Table legend: (Time is in decaauts)
 A = Elapsed time spent in this place.
 B = Non-inter-level travel time spent in this place.
 C = Inter-level travel time spent in this place.
 D = Time resting spent in this place.
 E = Time spent auto-exploring this place.
 F = Levels seen in this place.
 G = Mean time per level.
                   A        B        C        D        E       F      G
               +--------+--------+--------+--------+--------+-----+--------+
         Total |   2201 |   2152 |     49 |      0 |   1668 |   4 |  550.2 |
       Dungeon |   2201 |   2152 |     49 |      0 |   1668 |   4 |  550.2 |
               +--------+--------+--------+--------+--------+-----+--------+

Top non-repeatable levels by time:
     D:1: 687 daAuts
     D:2: 667 daAuts
     D:3: 625 daAuts
     D:4: 222 daAuts
